 Dungeon Crawl Stone Soup version 0.27.0-1-g7a089689b8 (webtiles) character file.

Game seed: 18140825809463835325

235 Crazydiamond the Covert (level 5, -4/30 HPs)
             Began as a Vampire Brigand on Aug 16, 2021.
             Killed by divine providence
             ... invoked by an orc priest
              (14 damage)
             ... on level 3 of the Dungeon.
             The game lasted 00:08:40 (3035 turns).

Crazydiamond the Covert (Vampire Brigand)           Turns: 3035, Time: 00:08:41

Health: -4/30      AC:  3    Str: 10    XL:     5   Next: 76%
Magic:  5/5        EV: 12    Int: 14    God:
Gold:   141        SH:  0    Dex: 16    Spells: 4/4 levels left

rFire    . . .     SeeInvis +   a - +2 dagger
rCold    + + .     Faith    .   (no shield)
rNeg     + + +     Spirit   .   b - +0 robe
rPois    ∞         Reflect  .   (no helmet)
rElec    .         Harm     .   c - +0 cloak
rCorr    .         Rampage  .   (no gloves)
Will     .....                  (no boots)
Stlth    ++++++....             (no amulet)
HPRegen  0.00/turn              (no ring)
MPRegen  0.09/turn              (no ring)

@: bloodless, inhibited regen
A: bloodless, fangs 3, see invisible, vampiric 2
a: Bat Form, Revivify


You were on level 3 of the Dungeon.
You visited 1 branch of the dungeon, and saw 3 of its levels.

You collected 141 gold pieces.

Inventory:

Hand Weapons
 a - a +2 dagger (weapon)
Missiles
 d - 8 poisoned darts (quivered)
 e - a curare-tipped dart
Armour
 b - a +0 robe (worn)
 c - a +0 cloak (worn)
Wands
 k - a wand of mindburst (19)
Scrolls
 f - 4 scrolls of blinking {unknown}
 g - 4 scrolls of teleportation {unknown}
 h - a scroll of vulnerability {unknown}
 l - 2 scrolls of identify {unknown}
 n - a scroll of fear {unknown}
Potions
 i - a potion of heal wounds {unknown}
 j - a potion of mutation {unknown}
 m - a potion of ambrosia {unknown}


   Skills:
 + Level 2.1 Fighting
 + Level 3.4 Short Blades
 + Level 1.7 Throwing
 + Level 2.2 Dodging
 + Level 9.3 Stealth


You had 4 spell levels left.
You didn't know any spells.
Your spell library contained the following spells:

 Spells                   Type           Power      Damage    Failure   Level
 Shock                    Conj/Air       0%         1d3       28%         1
 Swiftness                Air            0%         N/A       65%         3
 Airstrike                Air            0%         N/A       96%         4


Dungeon Overview and Level Annotations

Branches:
Dungeon (3/15)

Altars:

Shops:
D:2 =   D:3 (


Innate Abilities, Weirdness & Mutations

You do not regenerate when monsters are visible.
You are frail without blood (-20% HP).
You can heal yourself when you bite living creatures.
You are immune to poison.
You have razor-sharp teeth.
You have supernaturally acute eyesight. (SInv)
You are afflicted with vampirism and can become a bat while bloodless.


Message History

The orc shouts!
You hear a shout!
You hit the orc. You bite the orc.
You kill the orc!
The orc hits you with a +0 club.
You completely miss the orc. You hit the orc.
The orc is moderately wounded.
The orc barely misses you.
The orc priest looks braver for a moment.
You barely miss the orc.
The orc is moderately wounded.
The orc closely misses you.
You closely miss the orc.
The orc is moderately wounded.
The orc closely misses you.
You barely miss the orc. Your bite misses the orc.
The orc is moderately wounded.
The orc priest miscasts a cantrip.
You hit the orc.
The orc is heavily wounded.
You hit the orc but do no damage.
The orc is heavily wounded.
The orc misses you. The orc hits you but does no damage.
Throw: 2 darts (curare)
Press: ? - help, Shift-Dir - straight line, f - orc priest
Aim: an orc priest, wielding a +0 mace (60% to hit)
You throw a curare-tipped dart.
The curare-tipped dart closely misses the orc priest.
The orc priest hits you with a +0 mace! The orc hits you but does no damage.
The orc priest looks braver for a moment.
You completely miss the orc. You bite the orc, but do no damage.
The orc is heavily wounded.
The orc priest mumbles some strange prayers to Beogh against you.
Beogh smites you! The orc misses you.
The orc priest looks braver for a moment.
The orc priest mumbles some strange prayers to Beogh against you.
Beogh smites you!
You die...

#.######## #.# ############.#
#############............########
......)..[..'........)....(......
#############.........[..########
.........# ####+#######'##### #
########.# #.# #.........####
######.#######@###.............
#.........o.o...##..#####...### #
#.)....#######..##..#?$?#...# #
#(..∩...# #......#))"#...# #
#.#.....## #.##...#)!$#...# #
#o###...)# #.##...#####...# # #.#
#....## #.##...........# # ###.#
#.....# #.##..........#### ..)<#
#...#.## #.##.####.#.......


You could see an orc priest and an orc.

Vanquished Creatures
  A jelly (D:2)
  A bullfrog skeleton (D:3)
  Crazy Yiuf (D:2)
  An orc wizard (D:3)
  A hound skeleton (D:2)
  4 adders
  A dart slug (D:1)
  3 orcs (D:3)
  9 ball pythons
  3 endoplasms
  A giant cockroach (D:1)
  8 goblins
  7 hobgoblins
  6 jackals (D:1)
  2 quokkas (D:2)
  3 bats
  4 frilled lizards
  5 kobolds
  6 rats
67 creatures vanquished.

Notes
Turn   | Place    | Note
-------+----------+-------------------------------------------
     0 | D:1      | Crazydiamond the Vampire Brigand began the quest for the
                  | Orb.
     0 | D:1      | Reached XP level 1. HP: 16/16 MP: 1/1
    43 | D:1      | Reached skill level 6 in Stealth
   127 | D:1      | Reached XP level 2. HP: 17/17 MP: 2/2
   224 | D:1      | You fall into a shaft and drop 1 floor!
   227 | D:2      | Found a runed translucent door.
   228 | D:2      | Noticed Crazy Yiuf
   235 | D:2      | Killed Crazy Yiuf
   236 | D:2      | Reached skill level 7 in Stealth
   236 | D:2      | Gained mutation: You are afflicted with vampirism and can
                  | become a bat while bloodless. [Vampire growth]
   236 | D:2      | Reached XP level 3. HP: 21/21 MP: 3/3
   322 | D:2      | Found Tikoc's Jewellery Shop.
   633 | D:2      | Reached XP level 4. HP: 26/26 MP: 4/4
   899 | D:2      | Found a faded altar of an unknown god.
  1122 | D:2      | Reached skill level 8 in Stealth
  1852 | D:1      | Reached XP level 5. HP: 24/30 MP: 5/5
  2366 | D:3      | Reached skill level 9 in Stealth
  2555 | D:3      | Found Ocaboil's Weapon Emporium.
  3035 | D:3      | Killed from afar by an orc priest

Illustrated notes

Levels and vault maps discovered:
D:1:      minmay_arrival_four_houses, layout_basic, corexii_corridor_pit,
          minmay_shallow_snake_nest
D:2:      layout_loops_ring, hellmonk_ecumenical_altar_inner_sanctum,
          serial_shops, shop, uniq_crazy_yiuf_cottage
D:3:      layout_basic, serial_shops, shop_coins,
          minmay_misc_feat_secret_circle, due_unseen_surprise

Skill      XL: |  1  2  3  4  5 |
---------------+----------------+-----
Stealth        | 6 7 8 9 |  9.3
Fighting       | 2 |  2.1
Dodging        | 2 |  2.2
Short Blades   | 3 |  3.4
Throwing       | |  1.7

Action                   |  1- 3 |  4- 6 || total
-------------------------+-------+-------++-------
Melee: Dagger            |    54 |   120 ||   174
       Bite              |     3 |    13 ||    16
Throw: Dart              |     1 |     1 ||     2
 Abil: Exsanguinate      |     1 |       ||     1
Evoke: Wand              |       |     1 ||     1
 Stab: Sleeping          |    11 |    17 ||    28
       Distracted        |       |     1 ||     1
Armor: Robe              |     7 |    24 ||    31
Dodge: Dodged            |    26 |    53 ||    79
